Blues vs Flames

Created - October 26, 2023 at 22:30

Goals
1 2 3 OT1 T
Blues 0 0 1 0 1
Flames 0 0 1 1 2
Shots
1 2 3 OT1 T
Blues 11 4 4 2 21
Flames 19 11 14 2 46

1st period

No Goal

Penalties :
No Penalty

2nd period

No Goal

Penalties :
Anders Lee (STL) for Hooking (Minor) at 17:27

3rd period

1. Flames , Brayden Schenn 3 (Jared McCann 3) at 0:56
2. Blues , Brandon Hagel 5 (Noah Dobson 4, Filip Forsberg 3) at 15:05 (PP)

Penalties :
Kirby Dach (CAL) for Hooking (Minor) at 12:31, Brandon Hagel (STL) for Holding (Minor) at 12:31, J.J. Moser (CAL) for Hooking (Minor) at 14:46, Mario Ferraro (STL) for Roughing (Minor) at 17:44

Overtime #1

3. Flames , Mark Stone 5 (Adam Fox 6) at 2:33

Penalties :
No Penalty

Goalie Stats

Tristan Jarry (STL), 44 saves from 46 shots - (0.957), OTL, 4-1-1, 62:34 minutes
Logan Thompson (CAL), 20 saves from 21 shots - (0.952), W, 4-1-0, 62:34 minutes

Players Stats for Blues

Player Name              G  A  P  +/- PIM S  H  SB GA TA FO     MP     PP MP  PK MP  
------------------------------------------------------------------------------------
Alexander Alexeyev       0  0  0   0  0   0  1  3  0  0  0/0    20:17   0:00   2:11 
Anders Lee               0  0  0  -1  2   3  1  0  0  0  0/0    17:05   0:19   0:40 
Andrew Cogliano          0  0  0   0  0   1  1  0  0  0  1/1    17:15   0:00   1:57 
Brandon Hagel            1  0  1   0  2   2  1  0  0  0  1/2    15:41   0:19   1:31 
Cole Guttman             0  0  0  -1  0   2  0  1  0  0  6/12    9:10   0:00   0:00 
Darren Helm              0  0  0  -1  0   1  1  0  0  0  0/0     9:10   0:00   0:00 
Derek Forbort            0  0  0  -1  0   0  1  0  0  0  0/0    20:03   0:00   1:58 
Eetu Luostarinen         0  0  0  -1  0   0  0  0  0  0  3/6    12:02   0:00   2:52 
Filip Forsberg           0  1  1   0  0   5  0  0  0  0  0/0    16:44   0:19   0:00 
Gustav Forsling          0  0  0  -1  0   1  1  2  0  0  0/0    20:40   0:00   2:00 
Jake Guentzel            0  0  0   0  0   1  0  1  0  0  0/1    18:02   0:00   0:16 
Logan Couture            0  0  0   0  0   1  1  1  0  0  19/27  18:27   0:00   0:00 
Mario Ferraro            0  0  0   0  2   0  0  1  0  0  0/0    22:45   0:00   1:07 
Nic Dowd                 0  0  0  -1  0   2  1  0  0  0  15/21  16:01   0:19   0:00 
Noah Dobson              0  1  1   0  0   0  0  1  0  0  0/0    20:11   0:19   0:00 
Sean Walker              0  0  0  -1  0   0  0  1  0  0  0/0    18:18   0:00   0:40 
Teddy Blueger            0  0  0   0  0   2  0  1  0  0  12/20  14:12   0:00   0:20 
Tyler Motte              0  0  0   0  0   0  0  0  0  0  0/2    15:39   0:00   0:20 

Players Stats for Flames

Player Name              G  A  P  +/- PIM S  H  SB GA TA FO     MP     PP MP  PK MP  
------------------------------------------------------------------------------------
Adam Fox                 0  1  1   1  0   1  2  3  0  0  0/0    24:38   2:12   0:05 
Alex DeBrincat           0  0  0   0  0   5  6  0  0  0  0/1    17:28   2:12   0:00 
Alexander Wennberg       0  0  0   0  0   3  0  0  0  0  13/27  14:36   0:00   0:05 
Anthony Cirelli          0  0  0   0  0   5  1  0  0  0  7/21   16:20   2:12   0:00 
Brayden Schenn           1  0  1   1  0   4  7  0  0  0  9/18   15:34   1:46   0:00 
Brian Dumoulin           0  0  0   1  0   1  2  1  0  0  0/0    17:59   0:00   0:14 
Colton Parayko           0  0  0   1  0   0  5  0  0  0  0/0    22:12   0:00   0:14 
Drake Batherson          0  0  0   0  0   2  2  0  0  0  0/0    16:17   1:46   0:00 
J.J. Moser               0  0  0   0  2   1  0  0  0  0  0/0    18:54   1:46   0:00 
Jake DeBrusk             0  0  0   1  0   2  4  0  0  0  0/1    16:04   2:12   0:00 
Jared McCann             0  1  1   2  0   5  0  1  0  0  1/6    17:00   1:46   0:00 
Kirby Dach               0  0  0   0  2   4  1  2  0  0  0/1    15:01   1:46   0:00 
Mark Stone               1  0  1   1  0   8  0  0  0  0  0/2    16:51   2:12   0:00 
Nick Leddy               0  0  0   0  0   1  2  0  0  0  0/0    18:39   0:00   0:00 
Nico Sturm               0  0  0   0  0   2  2  1  0  0  5/13   13:30   0:00   0:14 
Noah Cates               0  0  0   0  0   1  1  1  0  0  0/1    14:45   0:00   0:14 
Ryan Lindgren            0  0  0   0  0   0  2  2  0  0  0/0    16:13   0:00   0:05 
Yegor Sharangovich       0  0  0   0  0   1  0  0  0  0  0/1    13:21   0:00   0:05 

3 Stars

1 - Tristan Jarry (STL)
2 - Brayden Schenn (CAL)
3 - Mark Stone (CAL)

Power Play

Blues - 1 on 1 Attempt(s) - 100.00%
Flames - 0 on 2 Attempt(s) - 0.00%

Penalty Kill

Blues - 2 on 2 Attempt(s) - 100.00% - Score 0 goal in Penalty Kill
Flames - 0 on 1 Attempt(s) - 0.00% - Score 0 goal in Penalty Kill

Team Stat

Blues - Hits : 9 - Faceoff Wins : 57 - Blocked Shots : 12 - Penalty Minutes : 6
Flames - Hits : 37 - Faceoff Wins : 35 - Blocked Shots : 11 - Penalty Minutes : 4

Official

Referees : Chris Schlenker and Jake Brenk
Linesman : Mark Shewchyk and Shandor Alphonso

Game Notes

No Game Note

Finance

Level 1 -- Attendance: 6000 (100.00%) -- Ticket Income $780,000
Level 2 -- Attendance: 5000 (100.00%) -- Ticket Income $225,000
Level 3 -- Attendance: 2000 (100.00%) -- Ticket Income $80,000
Level 4 -- Attendance: 4000 (100.00%) -- Ticket Income $140,000
Luxury Box -- Attendance: 1000 (100.00%) -- Ticket Income $100,000
Game was played at the Pengrowth Saddledome.
Total Attendance: 18000 (100.00%)
Total Ticket Income: $1,325,000
Other Income: $649,250
Total Income: $1,974,250

Blues

5 vs 5 Forward 
   Center                   Left Wing                Right Wing               Time % Phy DF OF 
 1 Logan Couture            Anders Lee               Jake Guentzel            30     1   2  2  
 2 Nic Dowd                 Filip Forsberg           Tyler Motte              28     1   2  2  
 3 Teddy Blueger            Brandon Hagel            Andrew Cogliano          25     1   2  2  
 4 Cole Guttman             Eetu Luostarinen         Darren Helm              17     1   2  2  

5 vs 5 Defense 
   Defense                  Defense                                           Time % Phy DF OF 
 1 Gustav Forsling          Alexander Alexeyev                                34     1   2  2  
 2 Sean Walker              Derek Forbort                                     33     1   2  2  
 3 Noah Dobson              Mario Ferraro                                     32     1   2  2  
 4 Gustav Forsling          Derek Forbort                                     1      1   2  2  

PowerPlay Forward 
   Center                   Left Wing                Right Wing               Time % Phy DF OF 
 1 Logan Couture            Anders Lee               Jake Guentzel            60     1   2  2  
 2 Nic Dowd                 Filip Forsberg           Jake Guentzel            40     1   2  2  

PowerPlay Defense
   Defense                  Defense                                           Time % Phy DF OF 
 1 Brandon Hagel            Noah Dobson                                       60     1   2  2  
 2 Brandon Hagel            Noah Dobson                                       40     1   2  2  

Penalty Kill 4 Players Forward 
   Center                   Wing                     Time % Phy DF OF 
 1 Eetu Luostarinen         Andrew Cogliano          60     1   2  2  
 2 Teddy Blueger            Tyler Motte              40     1   2  2  

Penalty Kill 4 Players Defense
   Defense                  Defense                  Time % Phy DF OF 
 1 Gustav Forsling          Mario Ferraro            60     1   2  2  
 2 Alexander Alexeyev       Derek Forbort            40     1   2  2  

Penalty Kill - 3 Players Forward 
   Forward                                           Time % Phy DF OF 
 1 Tyler Motte                                       60     1   2  2  
 2 Teddy Blueger                                     40     1   2  2  

Penalty Kill - 3 Players Defense
   Defense                  Defense                  Time % Phy DF OF 
 1 Sean Walker              Alexander Alexeyev       60     1   2  2  
 2 Gustav Forsling          Derek Forbort            40     1   2  2  

4 vs 4 Forward 
   Center                   Wing                     Time % Phy DF OF 
 1 Logan Couture            Jake Guentzel            60     1   2  2  
 2 Anders Lee               Filip Forsberg           40     1   2  2  

4 vs 4 Defense
   Defense                  Defense                  Time % Phy DF OF 
 1 Mario Ferraro            Noah Dobson              60     1   2  2  
 2 Alexander Alexeyev       Derek Forbort            40     1   2  2  

Last Minutes Offensive
   Center                   Left Wing                Right Wing               Defense                  Defense                  
   Logan Couture            Filip Forsberg           Jake Guentzel            Anders Lee               Noah Dobson              

Last Minutes Defensive
   Center                   Left Wing                Right Wing               Defense                  Defense                  
   Nic Dowd                 Teddy Blueger            Tyler Motte              Derek Forbort            Mario Ferraro            

Goaltenders
Starting : Tristan Jarry            
Backup : Alex Lyon                

Extra Forwards
Normal : Nic Dowd, Anders Lee, Brandon Hagel - PP : Nic Dowd, Anders Lee - PK : Brandon Hagel
Extra Defensemen
Normal : Noah Dobson, Mario Ferraro, Derek Forbort - PP : Noah Dobson - PK : Mario Ferraro, Derek Forbort
Penalty Shots
Andrew Cogliano, Logan Couture, Jake Guentzel, Darren Helm, Filip Forsberg
Custom OT Lines Forwards
Andrew Cogliano, Logan Couture, Jake Guentzel, Filip Forsberg, Nic Dowd, Anders Lee, Brandon Hagel, Tyler Motte, Eetu Luostarinen, Teddy Blueger
Custom OT Lines Defensemen
Mario Ferraro, Sean Walker, Gustav Forsling, Derek Forbort, Noah Dobson

Scratches
Jaret Anderson-Dolan (Healthy)

Flames

5 vs 5 Forward 
   Center                   Left Wing                Right Wing               Time % Phy DF OF 
 1 Anthony Cirelli          Alex DeBrincat           Mark Stone               25     0   3  2  
 2 Brayden Schenn           Jared McCann             Jake DeBrusk             25     0   3  2  
 3 Alexander Wennberg       Noah Cates               Drake Batherson          25     0   4  1  
 4 Nico Sturm               Yegor Sharangovich       Kirby Dach               25     0   4  1  

5 vs 5 Defense 
   Defense                  Defense                                           Time % Phy DF OF 
 1 Nick Leddy               Adam Fox                                          34     0   4  1  
 2 Brian Dumoulin           Colton Parayko                                    32     0   4  1  
 3 Ryan Lindgren            J.J. Moser                                        30     0   4  1  
 4 Colton Parayko           Adam Fox                                          4      0   4  1  

PowerPlay Forward 
   Center                   Left Wing                Right Wing               Time % Phy DF OF 
 1 Anthony Cirelli          Alex DeBrincat           Jake DeBrusk             50     0   0  5  
 2 Brayden Schenn           Jared McCann             Drake Batherson          50     0   0  5  

PowerPlay Defense
   Defense                  Defense                                           Time % Phy DF OF 
 1 Mark Stone               Adam Fox                                          50     0   1  4  
 2 Kirby Dach               J.J. Moser                                        50     0   1  4  

Penalty Kill 4 Players Forward 
   Center                   Wing                     Time % Phy DF OF 
 1 Alexander Wennberg       Yegor Sharangovich       50     0   5  0  
 2 Nico Sturm               Noah Cates               50     0   5  0  

Penalty Kill 4 Players Defense
   Defense                  Defense                  Time % Phy DF OF 
 1 Ryan Lindgren            Adam Fox                 50     0   4  1  
 2 Brian Dumoulin           Colton Parayko           50     0   4  1  

Penalty Kill - 3 Players Forward 
   Forward                                           Time % Phy DF OF 
 1 Nico Sturm                                        50     0   5  0  
 2 Alexander Wennberg                                50     0   5  0  

Penalty Kill - 3 Players Defense
   Defense                  Defense                  Time % Phy DF OF 
 1 Brian Dumoulin           Adam Fox                 50     0   4  1  
 2 Nick Leddy               Colton Parayko           50     0   4  1  

4 vs 4 Forward 
   Center                   Wing                     Time % Phy DF OF 
 1 Brayden Schenn           Alex DeBrincat           50     0   3  2  
 2 Anthony Cirelli          Jared McCann             50     0   3  2  

4 vs 4 Defense
   Defense                  Defense                  Time % Phy DF OF 
 1 J.J. Moser               Adam Fox                 50     0   4  1  
 2 Nick Leddy               Colton Parayko           50     0   4  1  

Last Minutes Offensive
   Center                   Left Wing                Right Wing               Defense                  Defense                  
   Brayden Schenn           Jared McCann             Mark Stone               J.J. Moser               Adam Fox                 

Last Minutes Defensive
   Center                   Left Wing                Right Wing               Defense                  Defense                  
   Alexander Wennberg       Anthony Cirelli          Mark Stone               Brian Dumoulin           Colton Parayko           

Goaltenders
Starting : Logan Thompson           
Backup : Spencer Knight           

Extra Forwards
Normal : Alexander Wennberg, Drake Batherson, Noah Cates - PP : Alexander Wennberg, Kirby Dach - PK : Anthony Cirelli
Extra Defensemen
Normal : Ryan Lindgren, Nick Leddy, Brian Dumoulin - PP : Colton Parayko - PK : J.J. Moser, Nick Leddy
Penalty Shots
Alex DeBrincat, Kirby Dach, Drake Batherson, Anthony Cirelli, Yegor Sharangovich
Custom OT Lines Forwards
Mark Stone, Jared McCann, Alex DeBrincat, Jake DeBrusk, Brayden Schenn, Alexander Wennberg, Drake Batherson, Anthony Cirelli, Kirby Dach, Noah Cates
Custom OT Lines Defensemen
Adam Fox, Colton Parayko, Brian Dumoulin, J.J. Moser, Nick Leddy

Scratches
Ty Smith (Healthy), Alexis Lafreniere (Healthy), Shane Pinto (Healthy)

% Time on Ice - Blues

Lines # - Real PCT - Wanted PCT - Time Play
Normal Forward
1 - 29% - 30% - 15:23
2 - 29% - 28% - 15:19
3 - 26% - 25% - 13:52
4 - 17% - 17% - 9:10
Normal Defense
1 - 31% - 34% - 16:28
2 - 31% - 33% - 16:53
3 - 37% - 32% - 19:52
4 - 1% - 1% - 0:31
PP Forward
1 - 0% - 60% - 0:00
2 - 100% - 40% - 0:19
PP Defense
1 - 100% - 60% - 0:19
2 - 0% - 40% - 0:00
PK Forward
1 - 92% - 60% - 3:38
2 - 8% - 40% - 0:20
PK Defense
1 - 50% - 60% - 2:00
2 - 50% - 40% - 1:58
PK3 Forward
1 - 0% - 60%
2 - 0% - 40%
PK3 Defense
1 - 0% - 60%
2 - 0% - 40%
44 Forward
1 - 82% - 60% - 1:38
2 - 18% - 40% - 0:21
44 Defense
1 - 18% - 60% - 0:21
2 - 82% - 40% - 1:38
Last Minute Offensive  - 0:00
Last Minute Defensive  - 0:00
Total
Forward - 60:00
Defense - 60:00

% Time on Ice - Flames

Lines # - Real PCT - Wanted PCT - Time Play
Normal Forward
1 - 25% - 25% - 13:10
2 - 24% - 25% - 12:47
3 - 27% - 25% - 14:31
4 - 25% - 25% - 13:16
Normal Defense
1 - 33% - 34% - 17:41
2 - 32% - 32% - 16:58
3 - 30% - 30% - 16:08
4 - 5% - 4% - 2:57
PP Forward
1 - 55% - 50% - 2:12
2 - 45% - 50% - 1:46
PP Defense
1 - 55% - 50% - 2:12
2 - 45% - 50% - 1:46
PK Forward
1 - 26% - 50% - 0:05
2 - 74% - 50% - 0:14
PK Defense
1 - 26% - 50% - 0:05
2 - 74% - 50% - 0:14
PK3 Forward
1 - 0% - 50%
2 - 0% - 50%
PK3 Defense
1 - 0% - 50%
2 - 0% - 50%
44 Forward
1 - 51% - 50% - 1:01
2 - 49% - 50% - 0:58
44 Defense
1 - 51% - 50% - 1:01
2 - 49% - 50% - 0:58
Last Minute Offensive  - 0:00
Last Minute Defensive  - 0:00
Total
Forward - 60:00
Defense - 60:00

Play-by-Play

1st period


0:01 of 1st period - Logan Couture wins face-off versus Anthony Cirelli in neutral zone.
0:18 of 1st period - Shot by Logan Couture.
0:18 of 1st period - Shot Blocked by Adam Fox.
0:29 of 1st period - Icing by Alexander Alexeyev.
0:30 of 1st period - Logan Couture wins face-off versus Brayden Schenn in Blues zone.
0:30 of 1st period - Jake Guentzel is hit by Brayden Schenn and loses puck.
0:37 of 1st period - Shot by Jake DeBrusk.
0:37 of 1st period - Stopped by Tristan Jarry with a rebound.
1:07 of 1st period - Shot by Nic Dowd.
1:07 of 1st period - Stopped by Logan Thompson without a rebound.
1:08 of 1st period - Alexander Wennberg wins face-off versus Teddy Blueger in Flames zone.
1:10 of 1st period - Icing by J.J. Moser.
1:11 of 1st period - Alexander Wennberg wins face-off versus Teddy Blueger in Flames zone.
1:49 of 1st period - Shot by J.J. Moser.
1:49 of 1st period - Deflect By Drake Batherson.
1:49 of 1st period - Shot Misses the Net.
2:50 of 1st period - Tyler Motte is hit by Colton Parayko and loses puck.
2:55 of 1st period - Shot by Filip Forsberg.
2:55 of 1st period - Shot Blocked by Brian Dumoulin.
3:16 of 1st period - Shot by Alex DeBrincat.
3:16 of 1st period - Shot Misses the Net.
3:28 of 1st period - Shot by Cole Guttman.
3:28 of 1st period - Stopped by Logan Thompson without a rebound.
3:29 of 1st period - Brayden Schenn wins face-off versus Logan Couture in Flames zone.
3:29 of 1st period - Brayden Schenn is hit by Logan Couture.
3:41 of 1st period - Jared McCann is hit by Gustav Forsling.
3:49 of 1st period - Shot by Jared McCann.
3:49 of 1st period - Shot Blocked by Logan Couture.
3:51 of 1st period - Shot by Jake DeBrusk.
3:51 of 1st period - Stopped by Tristan Jarry without a rebound.
3:52 of 1st period - Alexander Wennberg wins face-off versus Cole Guttman in Blues zone.
3:53 of 1st period - Shot by Noah Cates.
3:53 of 1st period - Stopped by Tristan Jarry without a rebound.
3:54 of 1st period - Nic Dowd wins face-off versus Kirby Dach in Blues zone.
4:01 of 1st period - Nic Dowd is hit by Kirby Dach and loses puck.
4:06 of 1st period - Shot by Nico Sturm.
4:06 of 1st period - Shot Misses the Net.
4:08 of 1st period - Shot by Kirby Dach.
4:08 of 1st period - Stopped by Tristan Jarry without a rebound.
4:09 of 1st period - Alexander Wennberg wins face-off versus Eetu Luostarinen in Blues zone.
4:10 of 1st period - Shot by Drake Batherson.
4:10 of 1st period - Stopped by Tristan Jarry with a rebound.
4:24 of 1st period - Shot by Eetu Luostarinen.
4:24 of 1st period - Shot Hit the Post.
4:26 of 1st period - Shot by Cole Guttman.
4:26 of 1st period - Shot Blocked by Noah Cates.
4:28 of 1st period - Shot by Gustav Forsling.
4:28 of 1st period - Shot Misses the Net.
4:37 of 1st period - Darren Helm is hit by Ryan Lindgren and loses puck.
4:55 of 1st period - Off-side.
4:56 of 1st period - Brayden Schenn wins face-off versus Logan Couture in neutral zone.
4:59 of 1st period - Sean Walker is hit by Jake DeBrusk and loses puck.
5:10 of 1st period - Shot by Jared McCann.
5:10 of 1st period - Stopped by Tristan Jarry without a rebound.
5:11 of 1st period - Nico Sturm wins face-off versus Nic Dowd in Blues zone.
5:26 of 1st period - Shot by Kirby Dach.
5:26 of 1st period - Stopped by Tristan Jarry without a rebound.
5:27 of 1st period - Andrew Cogliano wins face-off versus Anthony Cirelli in Blues zone.
5:34 of 1st period - Shot by Alex DeBrincat.
5:34 of 1st period - Shot Misses the Net.
5:48 of 1st period - Colton Parayko is hit by Brandon Hagel and loses puck.
6:01 of 1st period - Shot by Alex DeBrincat.
6:01 of 1st period - Stopped by Tristan Jarry with a rebound.
7:53 of 1st period - Shot by Filip Forsberg.
7:53 of 1st period - Shot Misses the Net.
7:55 of 1st period - Shot by Tyler Motte.
7:55 of 1st period - Shot Hit the Post.
8:07 of 1st period - Shot by Eetu Luostarinen.
8:07 of 1st period - Shot Misses the Net.
8:09 of 1st period - Shot by Eetu Luostarinen.
8:09 of 1st period - Shot Blocked by Kirby Dach.
8:15 of 1st period - Shot by Eetu Luostarinen.
8:15 of 1st period - Shot Blocked by Kirby Dach.
8:17 of 1st period - Shot by Derek Forbort.
8:17 of 1st period - Deflect By Cole Guttman.
8:17 of 1st period - Shot Blocked by Ryan Lindgren.
8:25 of 1st period - Shot by Darren Helm.
8:25 of 1st period - Stopped by Logan Thompson without a rebound.
8:26 of 1st period - Teddy Blueger wins face-off versus Alexander Wennberg in Flames zone.
8:26 of 1st period - Brandon Hagel is hit by Colton Parayko and loses puck.
8:32 of 1st period - Off-side.
8:33 of 1st period - Teddy Blueger wins face-off versus Alexander Wennberg in neutral zone.
8:33 of 1st period - Teddy Blueger is hit by Drake Batherson.
9:18 of 1st period - Icing by Andrew Cogliano.
9:19 of 1st period - Teddy Blueger wins face-off versus Brayden Schenn in Blues zone.
10:27 of 1st period - Shot by Alex DeBrincat.
10:27 of 1st period - Shot Blocked by Gustav Forsling.
11:01 of 1st period - Nic Dowd is hit by Anthony Cirelli and loses puck.
11:14 of 1st period - Shot by Nic Dowd.
11:14 of 1st period - Shot Misses the Net.
11:24 of 1st period - Shot by Kirby Dach.
11:24 of 1st period - Stopped by Tristan Jarry without a rebound.
11:25 of 1st period - Logan Couture wins face-off versus Alexander Wennberg in Blues zone.
11:25 of 1st period - Logan Couture is hit by Drake Batherson.
11:32 of 1st period - Off-side.
11:33 of 1st period - Logan Couture wins face-off versus Nico Sturm in neutral zone.
12:08 of 1st period - Shot by Nico Sturm.
12:08 of 1st period - Stopped by Tristan Jarry without a rebound.
12:09 of 1st period - Alexander Wennberg wins face-off versus Tyler Motte in Blues zone.
12:40 of 1st period - Shot by Filip Forsberg.
12:40 of 1st period - Stopped by Logan Thompson without a rebound.
12:41 of 1st period - Cole Guttman wins face-off versus Anthony Cirelli in Flames zone.
12:52 of 1st period - Shot by Mark Stone.
12:52 of 1st period - Shot Misses the Net.
12:54 of 1st period - Shot by Alex DeBrincat.
12:54 of 1st period - Stopped by Tristan Jarry with a rebound.
12:56 of 1st period - Shot by Anthony Cirelli.
12:56 of 1st period - Shot Blocked by Cole Guttman.
13:08 of 1st period - Shot by Eetu Luostarinen.
13:08 of 1st period - Shot Blocked by Ryan Lindgren.
13:58 of 1st period - Derek Forbort is hit by Brayden Schenn and loses puck.
14:14 of 1st period - Shot by Anders Lee.
14:14 of 1st period - Stopped by Logan Thompson without a rebound.
14:15 of 1st period - Nic Dowd wins face-off versus Yegor Sharangovich in Flames zone.
14:20 of 1st period - Shot by Filip Forsberg.
14:20 of 1st period - Stopped by Logan Thompson without a rebound.
14:21 of 1st period - Nic Dowd wins face-off versus Alexander Wennberg in Flames zone.
14:28 of 1st period - Shot by Alexander Wennberg.
14:28 of 1st period - Stopped by Tristan Jarry without a rebound.
14:29 of 1st period - Nic Dowd wins face-off versus Nico Sturm in Blues zone.
14:48 of 1st period - Shot by Nic Dowd.
14:48 of 1st period - Stopped by Logan Thompson without a rebound.
14:49 of 1st period - Logan Couture wins face-off versus Alexander Wennberg in Flames zone.
14:49 of 1st period - Logan Couture is hit by Nick Leddy.
14:58 of 1st period - Noah Cates is hit by Alexander Alexeyev.
15:12 of 1st period - Shot by Jake Guentzel.
15:12 of 1st period - Deflect By Anders Lee.
15:12 of 1st period - Stopped by Logan Thompson without a rebound.
15:13 of 1st period - Nico Sturm wins face-off versus Nic Dowd in Flames zone.
15:26 of 1st period - Shot by Nico Sturm.
15:26 of 1st period - Stopped by Tristan Jarry with a rebound.
15:28 of 1st period - Shot by Nico Sturm.
15:28 of 1st period - Shot Misses the Net.
15:40 of 1st period - Shot by Kirby Dach.
15:40 of 1st period - Shot Misses the Net.
15:42 of 1st period - Shot by Colton Parayko.
15:42 of 1st period - Shot Blocked by Sean Walker.
16:16 of 1st period - Shot by Jared McCann.
16:16 of 1st period - Deflect By Brayden Schenn.
16:16 of 1st period - Stopped by Tristan Jarry without a rebound.
16:17 of 1st period - Cole Guttman wins face-off versus Alexander Wennberg in Blues zone.
16:25 of 1st period - Icing by Alexander Alexeyev.
16:26 of 1st period - Brayden Schenn wins face-off versus Cole Guttman in Blues zone.
16:35 of 1st period - Shot by Jake DeBrusk.
16:35 of 1st period - Deflect By Jared McCann.
16:35 of 1st period - Shot Blocked by Gustav Forsling.
16:47 of 1st period - Shot by Nick Leddy.
16:47 of 1st period - Stopped by Tristan Jarry without a rebound.
16:48 of 1st period - Alexander Wennberg wins face-off versus Logan Couture in Blues zone.
16:51 of 1st period - Shot by Alexander Wennberg.
16:51 of 1st period - Stopped by Tristan Jarry without a rebound.
16:52 of 1st period - Logan Couture wins face-off versus Alexander Wennberg in Blues zone.
17:03 of 1st period - Shot by Anders Lee.
17:03 of 1st period - Stopped by Logan Thompson without a rebound.
17:04 of 1st period - Nic Dowd wins face-off versus Mark Stone in Flames zone.
17:05 of 1st period - Shot by Filip Forsberg.
17:05 of 1st period - Stopped by Logan Thompson without a rebound.
17:06 of 1st period - Alexander Wennberg wins face-off versus Logan Couture in Flames zone.
17:06 of 1st period - Alexander Wennberg is hit by Anders Lee.
17:22 of 1st period - Derek Forbort is hit by Noah Cates and loses puck.
17:34 of 1st period - Anders Lee is hit by Colton Parayko and loses puck.
18:06 of 1st period - Derek Forbort is hit by Alex DeBrincat.
18:12 of 1st period - Shot by Mark Stone.
18:12 of 1st period - Shot Misses the Net.
18:14 of 1st period - Shot by Anthony Cirelli.
18:14 of 1st period - Shot Misses the Net.
18:16 of 1st period - Shot by Anthony Cirelli.
18:16 of 1st period - Stopped by Tristan Jarry without a rebound.
18:17 of 1st period - Nic Dowd wins face-off versus Nico Sturm in Blues zone.
18:17 of 1st period - Nic Dowd is hit by Nico Sturm.
18:25 of 1st period - Shot by Filip Forsberg.
18:25 of 1st period - Shot Misses the Net.
18:45 of 1st period - Shot by Filip Forsberg.
18:45 of 1st period - Shot Misses the Net.
18:47 of 1st period - Shot by Mario Ferraro.
18:47 of 1st period - Shot Misses the Net.
19:05 of 1st period - Shot by Brandon Hagel.
19:05 of 1st period - Deflect By Teddy Blueger.
19:05 of 1st period - Stopped by Logan Thompson without a rebound.
19:06 of 1st period - Brayden Schenn wins face-off versus Cole Guttman in Flames zone.
19:20 of 1st period - Icing by Colton Parayko.
19:21 of 1st period - Teddy Blueger wins face-off versus Brayden Schenn in Flames zone.
19:34 of 1st period - Shot by Jake DeBrusk.
19:34 of 1st period - Deflect By Brayden Schenn.
19:34 of 1st period - Shot Misses the Net.
19:36 of 1st period - Shot by Brayden Schenn.
19:36 of 1st period - Stopped by Tristan Jarry with a rebound.
19:38 of 1st period - Shot by Jared McCann.
19:38 of 1st period - Shot Blocked by Alexander Alexeyev.
19:40 of 1st period - Shot by Brian Dumoulin.
19:40 of 1st period - Stopped by Tristan Jarry without a rebound.
19:41 of 1st period - Cole Guttman wins face-off versus Anthony Cirelli in Blues zone.
19:41 of 1st period - Cole Guttman is hit by Alex DeBrincat.
Goals for this period are 0 for Blues vs 0 for Flames.
Shots for this period are 11 for Blues vs 19 for Flames.

2nd period


0:01 of 2nd period - Nic Dowd wins face-off versus Anthony Cirelli in neutral zone.
0:13 of 2nd period - Icing by Anthony Cirelli.
0:14 of 2nd period - Logan Couture wins face-off versus Anthony Cirelli in Flames zone.
0:25 of 2nd period - Shot by Logan Couture.
0:25 of 2nd period - Shot Misses the Net.
1:44 of 2nd period - Icing by Ryan Lindgren.
1:45 of 2nd period - Nic Dowd wins face-off versus Alexander Wennberg in Flames zone.
1:48 of 2nd period - Shot by Filip Forsberg.
1:48 of 2nd period - Stopped by Logan Thompson without a rebound.
1:49 of 2nd period - Nic Dowd wins face-off versus Brayden Schenn in Flames zone.
3:04 of 2nd period - Shot by Cole Guttman.
3:04 of 2nd period - Stopped by Logan Thompson without a rebound.
3:05 of 2nd period - Logan Couture wins face-off versus Alexander Wennberg in Flames zone.
3:05 of 2nd period - Jake Guentzel is hit by Ryan Lindgren and loses puck.
4:22 of 2nd period - Shot by Brandon Hagel.
4:22 of 2nd period - Shot Misses the Net.
4:25 of 2nd period - Icing by Colton Parayko.
4:26 of 2nd period - Nico Sturm wins face-off versus Cole Guttman in Flames zone.
4:37 of 2nd period - Shot by Nico Sturm.
4:37 of 2nd period - Shot Misses the Net.
5:15 of 2nd period - Icing by Nick Leddy.
5:16 of 2nd period - Brayden Schenn wins face-off versus Teddy Blueger in Flames zone.
5:37 of 2nd period - Noah Dobson is hit by Jake DeBrusk.
5:40 of 2nd period - Andrew Cogliano is hit by Nick Leddy.
5:48 of 2nd period - Shot by Teddy Blueger.
5:48 of 2nd period - Stopped by Logan Thompson without a rebound.
5:49 of 2nd period - Nic Dowd wins face-off versus Anthony Cirelli in Flames zone.
6:24 of 2nd period - Shot by Mark Stone.
6:24 of 2nd period - Stopped by Tristan Jarry without a rebound.
6:25 of 2nd period - Logan Couture wins face-off versus Alexander Wennberg in Blues zone.
7:24 of 2nd period - Icing by Teddy Blueger.
7:25 of 2nd period - Teddy Blueger wins face-off versus Mark Stone in Blues zone.
7:25 of 2nd period - Teddy Blueger is hit by Alex DeBrincat.
7:30 of 2nd period - Brandon Hagel is hit by Adam Fox and loses puck.
8:01 of 2nd period - Shot by Alex DeBrincat.
8:01 of 2nd period - Stopped by Tristan Jarry with a rebound.
8:03 of 2nd period - Shot by Adam Fox.
8:03 of 2nd period - Shot Blocked by Mario Ferraro.
8:07 of 2nd period - Shot by Mark Stone.
8:07 of 2nd period - Stopped by Tristan Jarry with a rebound.
8:19 of 2nd period - Shot by Brayden Schenn.
8:19 of 2nd period - Shot Hit the Post.
8:25 of 2nd period - Shot by Brayden Schenn.
8:25 of 2nd period - Stopped by Tristan Jarry without a rebound.
8:26 of 2nd period - Nic Dowd wins face-off versus Nico Sturm in Blues zone.
8:54 of 2nd period - Shot by Filip Forsberg.
8:54 of 2nd period - Shot Blocked by Nico Sturm.
10:08 of 2nd period - Shot by Adam Fox.
10:08 of 2nd period - Shot Blocked by Noah Dobson.
10:10 of 2nd period - Shot by Jared McCann.
10:10 of 2nd period - Stopped by Tristan Jarry without a rebound.
10:11 of 2nd period - Logan Couture wins face-off versus Anthony Cirelli in Blues zone.
10:11 of 2nd period - Derek Forbort is hit by Alex DeBrincat and loses puck.
10:24 of 2nd period - Shot by Mark Stone.
10:24 of 2nd period - Stopped by Tristan Jarry without a rebound.
10:25 of 2nd period - Alexander Wennberg wins face-off versus Teddy Blueger in Blues zone.
10:42 of 2nd period - Shot by Noah Cates.
10:42 of 2nd period - Shot Misses the Net.
12:12 of 2nd period - Logan Couture is hit by Brayden Schenn and loses puck.
12:48 of 2nd period - Jake Guentzel is hit by Alex DeBrincat and loses puck.
14:04 of 2nd period - Icing by Noah Dobson.
14:05 of 2nd period - Cole Guttman wins face-off versus Brayden Schenn in Blues zone.
14:05 of 2nd period - Cole Guttman is hit by Brayden Schenn.
14:15 of 2nd period - Off-side.
14:16 of 2nd period - Nic Dowd wins face-off versus Jake DeBrusk in neutral zone.
15:09 of 2nd period - Icing by Brian Dumoulin.
15:10 of 2nd period - Teddy Blueger wins face-off versus Brayden Schenn in Flames zone.
15:13 of 2nd period - Shot by Brandon Hagel.
15:13 of 2nd period - Stopped by Logan Thompson without a rebound.
15:14 of 2nd period - Teddy Blueger wins face-off versus Anthony Cirelli in Flames zone.
15:36 of 2nd period - Icing by Mario Ferraro.
15:37 of 2nd period - Teddy Blueger wins face-off versus Nico Sturm in Blues zone.
15:50 of 2nd period - Shot by Kirby Dach.
15:50 of 2nd period - Shot Misses the Net.
16:04 of 2nd period - Shot by Kirby Dach.
16:04 of 2nd period - Shot Misses the Net.
16:06 of 2nd period - Shot by J.J. Moser.
16:06 of 2nd period - Shot Misses the Net.
16:08 of 2nd period - Shot by Nico Sturm.
16:08 of 2nd period - Shot Misses the Net.
16:16 of 2nd period - Shot by Nico Sturm.
16:16 of 2nd period - Shot Blocked by Teddy Blueger.
16:31 of 2nd period - Off-side.
16:32 of 2nd period - Alexander Wennberg wins face-off versus Logan Couture in neutral zone.
16:44 of 2nd period - Shot by Alexander Wennberg.
16:44 of 2nd period - Stopped by Tristan Jarry with a rebound.
16:57 of 2nd period - Alexander Wennberg is hit by Derek Forbort.
17:20 of 2nd period - Icing by Sean Walker.
17:21 of 2nd period - Logan Couture wins face-off versus Anthony Cirelli in Blues zone.
17:27 of 2nd period - Minor Penalty to Anders Lee for Hooking.
17:28 of 2nd period - Eetu Luostarinen wins face-off versus Anthony Cirelli in Blues zone.
17:34 of 2nd period - Icing by Anthony Cirelli.
17:35 of 2nd period - Anthony Cirelli wins face-off versus Eetu Luostarinen in Flames zone.
17:53 of 2nd period - Shot by Mark Stone.
17:53 of 2nd period - Shot Misses the Net.
17:55 of 2nd period - Shot by Adam Fox.
17:55 of 2nd period - Shot Hit the Post.
17:57 of 2nd period - Shot by Adam Fox.
17:57 of 2nd period - Shot Blocked by Alexander Alexeyev.
17:59 of 2nd period - Shot by Alex DeBrincat.
17:59 of 2nd period - Stopped by Tristan Jarry without a rebound.
18:00 of 2nd period - Eetu Luostarinen wins face-off versus Brayden Schenn in Blues zone.
18:21 of 2nd period - Shot by Drake Batherson.
18:21 of 2nd period - Stopped by Tristan Jarry without a rebound.
18:22 of 2nd period - Teddy Blueger wins face-off versus Anthony Cirelli in Blues zone.
18:37 of 2nd period - Shot by Alex DeBrincat.
18:37 of 2nd period - Shot Misses the Net.
18:59 of 2nd period - Shot by Adam Fox.
18:59 of 2nd period - Shot Misses the Net.
19:01 of 2nd period - Shot by Anthony Cirelli.
19:01 of 2nd period - Stopped by Tristan Jarry without a rebound.
19:02 of 2nd period - Brayden Schenn wins face-off versus Teddy Blueger in Blues zone.
19:07 of 2nd period - Shot by Jared McCann.
19:07 of 2nd period - Shot Misses the Net.
19:09 of 2nd period - Shot by Kirby Dach.
19:09 of 2nd period - Shot Hit the Post.
19:11 of 2nd period - Shot by Kirby Dach.
19:11 of 2nd period - Shot Misses the Net.
19:13 of 2nd period - Shot by Drake Batherson.
19:13 of 2nd period - Shot Misses the Net.
19:15 of 2nd period - Shot by Drake Batherson.
19:15 of 2nd period - Shot Misses the Net.
19:17 of 2nd period - Shot by J.J. Moser.
19:17 of 2nd period - Stopped by Tristan Jarry without a rebound.
19:18 of 2nd period - Brandon Hagel wins face-off versus Brayden Schenn in Blues zone.
Goals for this period are 0 for Blues vs 0 for Flames.
Shots for this period are 4 for Blues vs 11 for Flames.

3rd period


0:01 of 3rd period - Anthony Cirelli wins face-off versus Tyler Motte in neutral zone.
0:28 of 3rd period - Shot by Alex DeBrincat.
0:28 of 3rd period - Deflect By Anthony Cirelli.
0:28 of 3rd period - Stopped by Tristan Jarry with a rebound.
0:30 of 3rd period - Shot by Anthony Cirelli.
0:30 of 3rd period - Stopped by Tristan Jarry without a rebound.
0:31 of 3rd period - Brayden Schenn wins face-off versus Cole Guttman in Blues zone.
0:56 of 3rd period - Shot by Brayden Schenn.
0:56 of 3rd period - Goal by Brayden Schenn - Blues : 0 - Flames : 1.
0:57 of 3rd period - Logan Couture wins face-off versus Nico Sturm in neutral zone.
2:00 of 3rd period - Off-side.
2:01 of 3rd period - Anthony Cirelli wins face-off versus Nic Dowd in neutral zone.
2:32 of 3rd period - Shot by Mark Stone.
2:32 of 3rd period - Stopped by Tristan Jarry without a rebound.
2:33 of 3rd period - Cole Guttman wins face-off versus Jared McCann in Blues zone.
2:33 of 3rd period - Cole Guttman is hit by Brayden Schenn.
2:53 of 3rd period - Darren Helm is hit by Brian Dumoulin.
3:11 of 3rd period - Shot by Brayden Schenn.
3:11 of 3rd period - Deflect By Jared McCann.
3:11 of 3rd period - Shot Misses the Net.
3:16 of 3rd period - Eetu Luostarinen is hit by Brayden Schenn and loses puck.
3:20 of 3rd period - Sean Walker is hit by Colton Parayko and loses puck.
3:48 of 3rd period - Brandon Hagel is hit by Brian Dumoulin and loses puck.
3:55 of 3rd period - Shot by Brandon Hagel.
3:55 of 3rd period - Shot Misses the Net.
3:57 of 3rd period - Shot by Gustav Forsling.
3:57 of 3rd period - Stopped by Logan Thompson without a rebound.
3:58 of 3rd period - Alexander Wennberg wins face-off versus Nic Dowd in Flames zone.
4:17 of 3rd period - Shot by Alexander Wennberg.
4:17 of 3rd period - Shot Misses the Net.
4:19 of 3rd period - Shot by Adam Fox.
4:19 of 3rd period - Stopped by Tristan Jarry without a rebound.
4:20 of 3rd period - Logan Couture wins face-off versus Anthony Cirelli in Blues zone.
4:33 of 3rd period - Shot by Mark Stone.
4:33 of 3rd period - Shot Blocked by Jake Guentzel.
4:35 of 3rd period - Shot by Anthony Cirelli.
4:35 of 3rd period - Stopped by Tristan Jarry without a rebound.
4:36 of 3rd period - Teddy Blueger wins face-off versus Alexander Wennberg in Blues zone.
4:49 of 3rd period - Shot by Mario Ferraro.
4:49 of 3rd period - Shot Hit the Post.
5:06 of 3rd period - Off-side.
5:07 of 3rd period - Anthony Cirelli wins face-off versus Nic Dowd in neutral zone.
5:48 of 3rd period - Icing by Nic Dowd.
5:49 of 3rd period - Nic Dowd wins face-off versus Nico Sturm in Blues zone.
6:13 of 3rd period - Icing by Yegor Sharangovich.
6:14 of 3rd period - Logan Couture wins face-off versus Nico Sturm in Flames zone.
6:37 of 3rd period - Shot by Kirby Dach.
6:37 of 3rd period - Stopped by Tristan Jarry without a rebound.
6:38 of 3rd period - Alexander Wennberg wins face-off versus Teddy Blueger in Blues zone.
6:46 of 3rd period - Icing by Derek Forbort.
6:47 of 3rd period - Anthony Cirelli wins face-off versus Teddy Blueger in Blues zone.
7:00 of 3rd period - Shot by Mark Stone.
7:00 of 3rd period - Stopped by Tristan Jarry without a rebound.
7:01 of 3rd period - Nic Dowd wins face-off versus Alexander Wennberg in Blues zone.
8:10 of 3rd period - Shot by Jared McCann.
8:10 of 3rd period - Stopped by Tristan Jarry with a rebound.
8:16 of 3rd period - Shot by Jake Guentzel.
8:16 of 3rd period - Shot Blocked by Adam Fox.
8:18 of 3rd period - Shot by Logan Couture.
8:18 of 3rd period - Shot Blocked by Adam Fox.
8:54 of 3rd period - Sean Walker is hit by Alex DeBrincat and loses puck.
9:04 of 3rd period - Icing by Sean Walker.
9:05 of 3rd period - Nico Sturm wins face-off versus Logan Couture in Blues zone.
9:36 of 3rd period - Shot by Andrew Cogliano.
9:36 of 3rd period - Stopped by Logan Thompson without a rebound.
9:37 of 3rd period - Alexander Wennberg wins face-off versus Cole Guttman in Flames zone.
10:22 of 3rd period - Icing by Ryan Lindgren.
10:23 of 3rd period - Teddy Blueger wins face-off versus Noah Cates in Flames zone.
10:29 of 3rd period - Icing by Ryan Lindgren.
10:30 of 3rd period - Teddy Blueger wins face-off versus Alexander Wennberg in Flames zone.
10:40 of 3rd period - J.J. Moser is hit by Andrew Cogliano.
11:01 of 3rd period - Andrew Cogliano is hit by Adam Fox and loses puck.
11:24 of 3rd period - Shot by Mark Stone.
11:24 of 3rd period - Shot Misses the Net.
11:45 of 3rd period - Brandon Hagel is hit by Colton Parayko and loses puck.
12:26 of 3rd period - Icing by Noah Dobson.
12:27 of 3rd period - Nico Sturm wins face-off versus Teddy Blueger in Blues zone.
12:31 of 3rd period - Minor Penalty to Kirby Dach for Hooking.
12:31 of 3rd period - Minor Penalty to Brandon Hagel for Holding.
12:32 of 3rd period - Logan Couture wins face-off versus Brayden Schenn in neutral zone.
12:48 of 3rd period - Off-side.
12:49 of 3rd period - Anthony Cirelli wins face-off versus Logan Couture in neutral zone.
13:09 of 3rd period - Shot by Jake Guentzel.
13:09 of 3rd period - Stopped by Logan Thompson without a rebound.
13:10 of 3rd period - Brayden Schenn wins face-off versus Jake Guentzel in Flames zone.
13:39 of 3rd period - Shot by Alex DeBrincat.
13:39 of 3rd period - Stopped by Tristan Jarry with a rebound.
14:46 of 3rd period - Minor Penalty to J.J. Moser for Hooking.
14:47 of 3rd period - Alexander Wennberg wins face-off versus Nic Dowd in Flames zone.
14:47 of 3rd period - Alexander Wennberg is hit by Nic Dowd.
15:05 of 3rd period - Shot by Brandon Hagel.
15:05 of 3rd period - The goal is going for a video replay.
15:05 of 3rd period - The goal is good.
15:05 of 3rd period - Goal by Brandon Hagel - Blues : 1 - Flames : 1.
15:06 of 3rd period - Cole Guttman wins face-off versus Alexander Wennberg in neutral zone.
15:25 of 3rd period - Drake Batherson is hit by Darren Helm and loses puck.
16:45 of 3rd period - Shot by Kirby Dach.
16:45 of 3rd period - Shot Misses the Net.
16:55 of 3rd period - Shot by Yegor Sharangovich.
16:55 of 3rd period - Stopped by Tristan Jarry with a rebound.
17:06 of 3rd period - Icing by Nic Dowd.
17:07 of 3rd period - Nic Dowd wins face-off versus Anthony Cirelli in Blues zone.
17:41 of 3rd period - Shot by Alex DeBrincat.
17:41 of 3rd period - Shot Misses the Net.
17:44 of 3rd period - Minor Penalty to Mario Ferraro for Roughing.
17:45 of 3rd period - Brayden Schenn wins face-off versus Eetu Luostarinen in Blues zone.
17:46 of 3rd period - Shot by Kirby Dach.
17:46 of 3rd period - Deflect By Brayden Schenn.
17:46 of 3rd period - Shot Misses the Net.
17:50 of 3rd period - Shot by Jared McCann.
17:50 of 3rd period - Stopped by Tristan Jarry without a rebound.
17:51 of 3rd period - Eetu Luostarinen wins face-off versus Jared McCann in Blues zone.
18:13 of 3rd period - Derek Forbort is hit by Brayden Schenn and loses puck.
18:46 of 3rd period - Shot by Alex DeBrincat.
18:46 of 3rd period - Shot Misses the Net.
18:48 of 3rd period - Shot by Anthony Cirelli.
18:48 of 3rd period - Shot Blocked by Alexander Alexeyev.
18:50 of 3rd period - Shot by Mark Stone.
18:50 of 3rd period - Stopped by Tristan Jarry without a rebound.
18:51 of 3rd period - Anthony Cirelli wins face-off versus Brandon Hagel in Blues zone.
19:04 of 3rd period - Gustav Forsling is hit by Jake DeBrusk.
19:40 of 3rd period - Shot by Jared McCann.
19:40 of 3rd period - Stopped by Tristan Jarry with a rebound.
19:42 of 3rd period - Shot by J.J. Moser.
19:42 of 3rd period - Shot Misses the Net.
19:44 of 3rd period - Shot by Jared McCann.
19:44 of 3rd period - Shot Misses the Net.
19:50 of 3rd period - Sean Walker is hit by Nico Sturm and loses puck.
Goals for this period are 1 for Blues vs 1 for Flames.
Shots for this period are 4 for Blues vs 14 for Flames.

Overtime #1


0:01 of 1st overtime period - Logan Couture wins face-off versus Jared McCann in neutral zone.
0:06 of 1st overtime period - Shot by Logan Couture.
0:06 of 1st overtime period - Stopped by Logan Thompson without a rebound.
0:07 of 1st overtime period - Logan Couture wins face-off versus Jared McCann in Flames zone.
0:14 of 1st overtime period - Shot by Jared McCann.
0:14 of 1st overtime period - Deflect By Mark Stone.
0:14 of 1st overtime period - Stopped by Tristan Jarry without a rebound.
0:15 of 1st overtime period - Logan Couture wins face-off versus Jared McCann in Blues zone.
0:28 of 1st overtime period - Shot by Andrew Cogliano.
0:28 of 1st overtime period - Shot Blocked by Jared McCann.
0:31 of 1st overtime period - Icing by Adam Fox.
0:32 of 1st overtime period - Jared McCann wins face-off versus Logan Couture in Flames zone.
0:45 of 1st overtime period - Shot by Jared McCann.
0:45 of 1st overtime period - Shot Hit the Post.
0:47 of 1st overtime period - Shot by Adam Fox.
0:47 of 1st overtime period - Shot Misses the Net.
0:49 of 1st overtime period - Shot by Jared McCann.
0:49 of 1st overtime period - Shot Misses the Net.
1:16 of 1st overtime period - Icing by Andrew Cogliano.
1:17 of 1st overtime period - Logan Couture wins face-off versus Alex DeBrincat in Blues zone.
1:17 of 1st overtime period - Logan Couture is hit by Jake DeBrusk.
1:37 of 1st overtime period - Shot by Filip Forsberg.
1:37 of 1st overtime period - Stopped by Logan Thompson with a rebound.
2:00 of 1st overtime period - Shot by Filip Forsberg.
2:00 of 1st overtime period - Shot Misses the Net.
2:33 of 1st overtime period - Shot by Mark Stone.
2:33 of 1st overtime period - Goal by Mark Stone - Blues : 1 - Flames : 2.
Goals for this period are 0 for Blues vs 1 for Flames.
Shots for this period are 2 for Blues vs 2 for Flames.